 Dungeon Crawl Stone Soup version 0.32-a0-996-gb3226c233f (webtiles) character file.

Game seed: 4919954505216959159

203985 DryNick the Severer (level 17, -10/163 HPs)
             Began as a Mountain Dwarf Fighter on Apr 23, 2024.
             Was the Champion of Jiyva.
             Mangled by an alligator snapping turtle (33 damage)
             ... on level 2 of the Shoals.
             The game lasted 02:20:00 (27128 turns).

DryNick the Severer (Mountain Dwarf Fighter)       Turns: 27128, Time: 02:20:00

Health: -10/163    AC: 38    Str: 24    XL:     17   Next: 99%
Magic:  25/25      EV:  4    Int: 17    God:    Jiyva [******]
Gold:   2218       SH: 18    Dex:  6    Spells: 13/27 levels left

rFire   + + +        S - +3 broad axe (elec)
rCold   + + .        c - +2 tower shield {rF+}
rNeg    + . .        M - +9 scales of the Dragon King {rPois rF+ rC+ Will+}
rPois   +            Z - +2 hat {SInv}
rElec   +            r - +1 cloak
rCorr   +            n - +2 pair of gloves of Wufal {rElec Regen+ Int-4}
SInv    +            (no boots)
Will    ++++.        f - amulet of the King {+Inv rPois Regen+} Stlth
                     I - ring of positive energy
HPRegen 3.67/turn    N - ring of flight
MPRegen 0.99/turn

%: clarity
@: calling ooze, flying
A: runic magic, artefact enchanting, iridescent scales 3, clarity, clever 2,
cold resistance 1, fire resistance 1, strong-willed 2, strong 1, acidic bite,
pseudopods 3, translucent skin 1
}: 1/15 runes: serpentine
a: Renounce Religion, Evoke Invisibility, Oozemancy, Slimify


You were on level 2 of the Shoals.
You worshipped Jiyva.
Jiyva was exalted by your worship.
You visited 6 branches of the dungeon, and saw 30 of its levels.
You also visited: Sewer, Gauntlet, Ice Cave and Volcano.

You collected 3385 gold pieces.
You spent 1167 gold pieces at shops.

Inventory:

Hand Weapons
 b - a +1 eveningstar of flaming
 E - a +2 antimagic demon trident
 S - a +3 broad axe of electrocution (weapon)
Missiles
 W - 2 silver javelins
Armour
 c - a +2 tower shield of fire resistance (worn)
 g - a +2 kite shield of poison resistance
 n - the +2 pair of gloves of Wufal (worn) {rElec Regen+ Int-4}
   (You acquired it on level 2 of the Orcish Mines)

   Int-4:     It affects your intelligence (-4).
   rElec:     It insulates you from electricity.
   Regen+:    It increases your rate of health regeneration.
 r - a +1 cloak (worn)
 M - the +9 scales of the Dragon King (worn) {rPois rF+ rC+ Will+}
   (You found it on level 8 of the Dungeon)

   rF+:       It protects you from fire.
   rC+:       It protects you from cold.
   rPois:     It protects you from poison.
   Will+:     It increases your willpower.
 P - a +2 hat of willpower
 Z - a +2 hat of see invisible (worn)
Jewellery
 e - a ring of wizardry
 f - the amulet of the King (around neck) {+Inv rPois Regen+}
   (You took it off a minotaur in a Gauntlet)

   [amulet of regeneration]

   rPois:     It protects you from poison.
   +Inv:      It lets you turn invisible.
   Regen+:    It increases your rate of health regeneration.
 i - an amulet of the acrobat
 j - a ring of protection from fire
 s - a ring of see invisible
 I - a ring of positive energy (left hand)
 N - a ring of flight (right hand)
 U - a ring of willpower
 V - a ring of protection from cold
Wands
 q - a wand of polymorph (9)
 y - a wand of acid (6)
 z - a wand of charming (3)
 D - a wand of flame (32)
 K - a wand of iceblast (6)
Scrolls
 h - 11 scrolls of teleportation
 k - 2 scrolls of enchant weapon
 l - 2 scrolls of enchant armour
 m - a scroll of fear
 o - 2 scrolls of blinking
 t - 2 scrolls of poison
 w - 5 scrolls of vulnerability
 H - 4 scrolls of immolation
 L - a scroll of revelation
 O - 2 scrolls of fog
 Q - 4 scrolls of torment
 Y - 7 scrolls of amnesia
Potions
 a - 3 potions of magic
 p - 2 potions of curing
 u - 4 potions of mutation
 v - 4 potions of cancellation
 x - 5 potions of resistance
 A - 4 potions of invisibility
 B - 3 potions of brilliance
 C - 3 potions of heal wounds
 F - a potion of ambrosia
 J - a potion of enlightenment
 R - a potion of haste {unknown}
 T - a potion of attraction {unknown}
Miscellaneous
 d - a lightning rod (4/4)


   Skills:
 + Level 17.7 Fighting
 - Level 18.0 Axes
 + Level 16.9 Armour
 + Level 15.8 Shields
 + Level 5.9 Spellcasting
 + Level 7.9 Hexes
 + Level 8.0 Translocations
 - Level 5.2 Evocations


You had 13 spell levels left.
You knew the following spells:

 Your Spells              Type           Power      Damage    Failure   Level
a - Apportation           Tloc           64%        N/A       2%          1
b - Passage of Golubria   Tloc           32%        N/A       24%         4
c - Cause Fear            Hex            15%        N/A       26%         4
d - Jinxbite              Hex            62%        N/A       3%          2
e - Tukima's Dance        Hex            31%        N/A       8%          3

Your spell library contained the following spells:

 Spells                   Type           Power      Damage    Failure   Level
 Foxfire                  Conj/Fire      20%        2x1d5     54%         1
 Freeze                   Ice            20%        1d4       54%         1
 Magic Dart               Conj           20%        1d4       54%         1
 Cigotuvi's Dreadful Rot  Necr/Alch/Air  10%        N/A       69%         2
 Searing Ray              Conj           10%        2d4       69%         2
 Frozen Ramparts          Ice            10%        1d2       89%         3
 Fugue of the Fallen      Necr           5%         N/A       89%         3
 Hailstorm                Conj/Ice       5%         3d5       89%         3
 Ozocubu's Armour         Ice            5%         N/A       89%         3
 Silence                  Hex/Air        9%         N/A       98%         5
 Yara's Violent Unravell  Hex/Alch       9%         3d6       98%         5
 Fulminant Prism          Conj/Alch      2%         3d5       100%        4
 Ignite Poison            Fire/Alch      5%         N/A       100%        4
 Alistair's Intoxication  Alch           3%         N/A       100%        5
 Fireball                 Conj/Fire      2%         3d4       100%        5
 Freezing Cloud           Conj/Ice/Air   2%         6-21      100%        5
 Conjure Ball Lightning   Conj/Air       2%         3x3d6     100%        6
 Starburst                Conj/Fire      2%         6d3       100%        6
 Manifold Assault         Tloc           16%        N/A       100%        7
 Discord                  Hex            15%        N/A       100%        8
 Disjunction              Tloc           16%        N/A       100%        8
 Ignition                 Fire           2%         3d3       100%        8
 Lehudib's Crystal Spear  Conj/Erth      2%         10d2      100%        8
 Dragon's Call            Summ           2%         N/A       100%        9


Dungeon Overview and Level Annotations

Branches:
Dungeon (15/15)            Temple (1/1) D:7            Lair (5/5) D:10
 Shoals (3/4) Lair:3        Snake (4/4) Lair:3        Slime (0/5) Lair:5
    Orc (2/2) D:10            Elf (0/3) Orc:2        Vaults (0/5) D:13
 Depths (0/4) D:15          Sewer (visited)           IceCv (visited)
Volcano (visited)         Gauntlet (visited)

Altars:
Ashenzari
Cheibriados
Dithmenos
Elyvilon
Fedhas
Gozag
Hepliaklqana
Kikubaaqudgha
Makhleb
Nemelex Xobeh
Okawaru
Qazlal
Ru
Sif Muna
Trog
Uskayaw
Vehumet
Wu Jian
Xom
Yredelemnul
Zin
The Shining One

Shops:
D:2 ?   D:6 !   D:10 (   D:11 (   D:14 (![=   Orc:2 :[*?   Shoals:1 *
Shoals:3 =

Portals:
Trove: D:12 (give +6 demon whip)

Annotations:
D:14 Roxanne
Shoals:2 1 transporter, icebreaker629's ghost, adept HuBe


Innate Abilities, Weirdness & Mutations

Your spellcasting is much less encumbered by armour.
You can use scrolls of enchantment on lesser artefacts.
You are completely covered in iridescent scales. (AC +6)
You possess an exceptional clarity of mind.
Your mind is very acute. (Int +8, Str/Dex -2)
Your flesh is cold resistant. (rC+)
Your flesh is heat resistant. (rF+)
You are highly strong-willed. (Will++)
Your muscles are strong. (Str +4, Int/Dex -1)
You have acidic saliva.
Armour fits poorly on your massive pseudopods.
Your translucent skin slightly reduces your foes' accuracy. (Stealth+)


Message History

You are poisoned.
The sea snake poisons you!
The walls burn the manticore!
You block the manticore's attack. x2; The manticore completely misses you.
The wall burns the snapping turtle!
The snapping turtle bites you from afar!
* * * LOW HITPOINT WARNING * * *
The walls burn the snapping turtle!
The snapping turtle bites you from afar.
* * * LOW HITPOINT WARNING * * *
The walls burn the alligator snapping turtle!
The alligator snapping turtle bites you from afar!
* * * LOW HITPOINT WARNING * * *
The walls burn the snapping turtle!
Okay, then.
Okay, then.
Okay, then.
Unknown command.
Okay, then.
Okay, then.
Blink to where?
Press: ? - help, Dir - move target
Okay, then.
Unknown command.
You feel better.
The walls burn the sea snake!
The sea snake bites you but does no damage.
The walls burn the manticore!
The manticore bites you but does no damage.
You block the manticore's attack. The manticore claws you.
* * * LOW HITPOINT WARNING * * *
The walls burn the moth of wrath!
You block the moth of wrath's attack.
The wall burns the snapping turtle!
You block the snapping turtle's attack.
The wall burns icebreaker629's ghost!
Icebreaker629's ghost hits you but does no damage.
The walls burn the snapping turtle!
You block the snapping turtle's attack.
The walls burn the sea snake!
The sea snake bites you.
* * * LOW HITPOINT WARNING * * *
The walls burn the alligator snapping turtle!
The alligator snapping turtle bites you from afar!!
You die...
Jiyva sends a jelly to digest your remains.

#...######.~~.......~.~~~~≈≈~P.##
.......###....#####[...~~~~≈~~.##
~~..........###. .###....~~≈~....
~~....~~....#...... ##....~~~.##.
.......~....#...#[# #....~~~~.#.
#.......~~..#...#.#..#.......~...
##.......~.##.#..t.!##.........~~
.........~.# #.Sy#t$#J........#.~
.......<...# #@†t!#§........#..
...........##.t.WH#.#JJ.......#.~
...........©#.#.t.#|##...........
...........## .##.#. #........##.
..#........#t.. !.# #........##.
..#........##.. #..##........#..
.......)....##..©...#..........~~
............~#####.##......^..~≈≈
...........~~~...###..>...##..~≈≈


You could see an alligator snapping turtle (berserk), a sea snake (berserk), 4
snapping turtles, a manticore (berserk), a moth of wrath and icebreaker629's
ghost.

Vanquished Creatures
  The ghost of grizmgrazm2 the Metamorph, an adept TrFi of Wu Jian (Snake:4)
  A quicksilver dragon (Snake:4)
  A kraken (Shoals:2)
  Gastronok (Lair:1)
  Aizul (Shoals:2)
  7 nagarajas
  Louise (Snake:4)
  An orc warlord (Orc:1)
  A stone giant (D:15)
  A minotaur (Gauntlet)
  The ghost of HourglassMan the Thaumaturge, a journeyman NaEE of Cheibriados (D:10)
  6 merfolk impalers
  A merfolk javelineer (Shoals:1)
  A yaktaur captain (D:13)
  7 salamander tyrants (Snake:4)
  2 fire dragons
  The ghost of zamzamzam the Severer, a journeyman MDFi of Ashenzari (Lair:1)
  6 hydras
  4 catoblepae
  An ogre mage (D:15)
  11 two-headed ogres
  11 anacondas
  4 centaur warriors
  2 merfolk avatars (Shoals:2)
  Erica (D:8)
  A merfolk aquamancer (Shoals:3)
  13 death yaks
  2 boulder beetles
  A tengu warrior (D:13)
  A satyr (Shoals:2)
  A thrashing horror (Gauntlet)
  An orc high priest (Orc:2)
  Urug (D:10)
  7 naga sharpshooters
  10 shock serpents
  Nergalle (Lair:1)
  14 naga warriors
  4 skeletal warriors (D:13)
  5 salamander mystics
  4 skysharks
  An arcanist (D:12)
  4 naga ritualists
  6 mana vipers
  8 sea snakes
  2 orc knights (Orc:1)
  3 ugly things
  Pikel (D:7)
  An obsidian bat (Orc:2)
  Maurice (D:7)
  4 deep elf pyromancers
  5 fauns (Shoals:2)
  An oklob plant (Lair:2)
  12 harpies
  24 salamanders
  4 cyclopes
  5 manticores
  3 meliai (D:15)
  A moth of wrath (Shoals:2)
  6 elephants (Lair:3)
  3 kobold blastminers (Orc:2)
  6 water nymphs
  4 merfolk sirens
  39 black mambas
  2 gargoyles (D:12)
  4 centaur zombies (D:13)
  25 naga magi
  5 guardian serpents
  A torpor snail (Lair:5)
  An ice statue (IceCv)
  14 cane toads
  Jeremiah (D:8)
  An unseen horror (D:11)
  2 unseen horrors (shapeshifter) (D:14)
  2 ice devils (Lair:1)
  15 komodo dragons
  6 rime drakes
  4 yaktaurs (D:15)
  4 wind drakes
  10 merfolk
  2 polar bears
  A hornet (D:10)
  4 trolls
  Prince Ribbit (D:8)
  12 blink frogs
  3 meliai zombies (D:13)
  6 snapping turtles
  Sigmund (D:2)
  A centaur simulacrum (D:15)
  2 small abominations (Gauntlet)
  40 yaks
  5 water elementals
  4 shadows
  2 wraiths
  14 wyverns
  2 vampires
  3 basilisks
  2 fire bats (Volcano)
  Eustachio (D:6)
  3 steam dragons (Volcano)
  9 vampire mosquitoes (D:12)
  2 acid dragons
  49 nagas
  4 great orb of eyes simulacra (IceCv)
  13 water moccasins
  Duvessa (D:6)
  2 black bears
  43 orc warriors
  2 sky beasts
  2 ice beasts (D:6)
  12 ogres
  3 laughing skulls
  6 boggarts
  15 wolves
  4 lemures (D:7)
  10 centaurs
  2 slime creature simulacra (IceCv)
  A phantom (D:7)
  3 kobold brigands
  7 bullfrogs
  A gnoll sergeant (D:10)
  5 scorpions
  A glowing shapeshifter simulacrum (IceCv)
  4 wights
  Dowan (D:6)
  6 killer bees (D:10)
  2 electric eels (Snake:1)
  2 bombardier beetles
  A crimson imp (D:9)
  A gnoll bouda (D:7)
  A hound (D:5)
  4 jellies
  14 orc priests
  Crazy Yiuf (D:2)
  Jessica (D:3)
  4 iguanas
  Natasha (thrice) (D:3)
  21 orc wizards
  Robin (D:2)
  11 gnolls
  10 adders
  3 river rats (Sewer)
  A shadow imp (D:7)
  2 white imps
  An ufetubus (Snake:3)
  A ribbon worm (D:3)
  3 dart slugs
  65 orcs
  8 ball pythons
  6 bats
  11 endoplasms
  12 giant cockroaches
  12 goblins
  6 hobgoblins
  16 jackals
  12 kobolds
  5 quokkas
  7 frilled lizards
  10 rats
  4 tentacles (Shoals:2)
961 creatures vanquished.

Vanquished Creatures (others)
  2 glowing orange brains (Gauntlet)
  An ice statue (IceCv)
  2 yaktaurs (D:13)
  2 slime creatures (IceCv)
  A fire bat (Volcano)
  A naga (Snake:4)
  A great orb of eyes simulacrum (IceCv)
  A laughing skull (D:13)
  A centaur (Snake:3)
  A wolf (Lair:2)
  A phantom (D:4)
  A slime creature simulacrum (IceCv)
  Blork the orc (D:6)
  3 bullfrogs
  3 glowing shapeshifter simulacra (IceCv)
  A scorpion (D:7)
  A wight (D:7)
  78 jellies
  2 hounds
  An orc priest (D:7)
  A gnoll bouda (D:7)
  3 iguanas
  An orc wizard (Orc:1)
  3 gnolls (D:7)
  4 adders
  A white imp (D:5)
  A dart slug (D:5)
  A ribbon worm (D:5)
  8 orcs
  6 endoplasms
  A hobgoblin (D:4)
  A butterfly (D:7)
  4 tentacles (Shoals:2)
140 creatures vanquished.

Grand Total: 1101 creatures vanquished

Notes
Turn   | Place    | Note
-------+----------+-------------------------------------------
     0 | D:1      | DryNick the Mountain Dwarf Fighter began the quest for the
                  | Orb.
     0 | D:1      | Reached XP level 1. HP: 19/19 MP: 1/1
     6 | D:1      | Noticed a brain worm
     6 | D:1      | Noticed a polar bear
     7 | D:1      | Noticed an anaconda
     7 | D:1      | Noticed a swamp drake
    82 | D:1      | Reached skill level 3 in Axes
    83 | D:1      | Reached XP level 2. HP: 24/26 MP: 2/2
   276 | D:1      | Found a faded altar of an unknown god.
   497 | D:2      | Noticed Sigmund
   512 | D:2      | Killed Sigmund
   513 | D:2      | Reached skill level 5 in Axes
   513 | D:2      | Reached XP level 3. HP: 18/34 MP: 3/3
   513 | D:2      | Reached XP level 4. HP: 22/41 MP: 4/4
   513 | D:2      | Reached XP level 5. HP: 25/47 MP: 5/5
   650 | D:2      | Noticed Robin
   660 | D:2      | Killed Robin
   665 | D:2      | Reached skill level 6 in Axes
   771 | D:2      | Found Aros's Magic Scroll Shop.
   778 | D:2      | Bought a scroll of identify for 28 gold pieces
  1067 | D:2      | Found a runed translucent door.
  1068 | D:2      | Noticed Crazy Yiuf
  1355 | D:3      | Noticed Jessica
  1364 | D:3      | Killed Jessica
  1365 | D:3      | Reached skill level 5 in Fighting
  1476 | D:3      | Reached XP level 6. HP: 52/56 MP: 6/6
  1531 | D:3      | Noticed Natasha
  1541 | D:3      | Killed Natasha
  1825 | D:3      | Noticed Natasha
  1830 | D:3      | Killed Natasha
  1889 | D:3      | Noticed Natasha
  1898 | D:3      | Killed Natasha
  2246 | D:4      | Reached skill level 7 in Axes
  2268 | D:4      | Found a glowing drain.
  2287 | Sewer    | Entered a sewer
  2297 | Sewer    | Reached XP level 7. HP: 61/61 MP: 7/7
  2554 | Sewer    | Found a viscous altar of Jiyva.
  2579 | Sewer    | Became a worshipper of Jiyva Jics the Shapeless
  2914 | D:4      | Got the Volume of Phlogiston
  2968 | D:4      | Reached skill level 8 in Axes
  3308 | D:4      | Reached * piety under Jiyva
  3512 | D:5      | Entered Level 5 of the Dungeon
  3613 | D:5      | Reached skill level 5 in Armour
  3670 | D:5      | Noticed a yak
  3676 | D:5      | Reached XP level 8. HP: 63/70 MP: 8/8
  3685 | D:5      | Reached skill level 9 in Axes
  3926 | D:5      | Reached ** piety under Jiyva
  4256 | D:6      | Reached skill level 10 in Axes
  4390 | D:6      | Found an ancient bone altar of Kikubaaqudgha.
  4451 | D:6      | Noticed Eustachio
  4467 | D:6      | Killed Eustachio
  4539 | D:6      | Found Esakeani's Distillery.
  4548 | D:6      | Bought a potion of curing for 42 gold pieces
  4655 | D:6      | Reached *** piety under Jiyva
  4672 | D:6      | Found a hide-covered altar of Uskayaw.
  4673 | D:6      | Noticed Dowan
  4674 | D:6      | Noticed Duvessa
  4683 | D:6      | Killed Blork the orc
  4824 | D:7      | Found a staircase to the Ecumenical Temple.
  4846 | D:7      | Reached XP level 9. HP: 79/79 MP: 9/9
  4848 | Temple   | Entered the Ecumenical Temple
  4985 | D:7      | Noticed Maurice
  4988 | D:7      | Maurice stole a +3 mace
  4990 | D:7      | Maurice stole a ring of wizardry
  4993 | D:7      | Something stole a throwing net
  5021 | D:7      | Something stole 29 gold
  5022 | D:7      | Something stole 270 gold
  5041 | D:7      | Killed Maurice
  5042 | D:7      | Reached skill level 11 in Axes
  5151 | D:7      | Gained mutation: Your muscles are strong. (Str +4, Int/Dex
                  | -1) [Jiyva's grace]
  5151 | D:7      | Gained mutation: Your muscles are very strong. (Str +8,
                  | Int/Dex -2) [Jiyva's grace]
  5151 | D:7      | Gained mutation: You possess an exceptional clarity of
                  | mind. [Jiyva's grace]
  5151 | D:7      | Gained mutation: Your translucent skin slightly reduces
                  | your foes' accuracy. (Stealth+) [Jiyva's grace]
  5175 | D:7      | Noticed Pikel
  5189 | D:7      | Killed Pikel
  5190 | D:7      | Reached skill level 1 in Evocations
  5237 | D:7      | Reached skill level 12 in Axes
  5242 | D:7      | Reached **** piety under Jiyva
  5587 | D:6      | Killed Duvessa
  5588 | D:6      | Reached XP level 10. HP: 81/90 MP: 10/10
  5604 | D:6      | Killed Dowan
  6005 | D:8      | Found the +9 scales of the Dragon King {rPois rF+ rC+
                  | Will+}
  6015 | D:8      | Noticed Erica
  6258 | D:2      | Bought a scroll of blinking for 105 gold pieces
  6515 | D:8      | Noticed Jeremiah
  6537 | D:8      | Killed Jeremiah
  6569 | D:8      | Found a shadowy altar of Dithmenos.
  6571 | D:8      | Reached ***** piety under Jiyva
  6658 | D:8      | Noticed Prince Ribbit
  6681 | D:8      | Killed Prince Ribbit
  6682 | D:8      | Reached skill level 5 in Shields
  6818 | D:8      | Killed Erica
  6819 | D:8      | Reached skill level 13 in Axes
  7142 | D:9      | Found a stormy altar of Qazlal.
  7403 | D:9      | Found a blossoming altar of Fedhas.
  7425 | D:9      | Found a bloodstained altar of Trog.
  7482 | D:9      | Found a radiant altar of Vehumet.
  7482 | D:9      | Lost mutation: Your muscles are very strong. (Str +8,
                  | Int/Dex -2) [Jiyva's grace]
  7482 | D:9      | Gained mutation: Your body has grown eyes which may confuse
                  | attackers. (Acc +3) [Jiyva's grace]
  7482 | D:9      | Gained mutation: Your body has grown many eyes which may
                  | confuse attackers. (Acc +5) [Jiyva's grace]
  7482 | D:9      | Gained mutation: Your body is covered in eyes which may
                  | confuse attackers. (Acc +7, SInv) [Jiyva's grace]
  7482 | D:9      | Gained mutation: Armour fits poorly on your pseudopods.
                  | [Jiyva's grace]
  7483 | D:9      | Found a burning altar of Makhleb.
  7544 | D:9      | Found an ornate altar of the Wu Jian Council.
  8026 | D:2      | Killed Crazy Yiuf
  8246 | D:10     | Entered Level 10 of the Dungeon
  8377 | D:10     | Found a staircase to the Orcish Mines.
  8377 | D:10     | Found Gaenuiza's Weapon Shop.
  8596 | D:10     | Found a staircase to the Lair.
  8637 | D:10     | Noticed HourglassMan's ghost (journeyman NaEE)
  8639 | D:10     | Found a runed translucent gate.
  8640 | D:10     | Found a runed translucent gate.
  8644 | D:10     | Noticed a cyan ugly thing
  8693 | D:10     | Reached XP level 11. HP: 97/97 MP: 11/11
  8804 | D:10     | Found a runed translucent gate.
  8841 | D:10     | Reached ****** piety under Jiyva
  8924 | D:10     | Noticed Urug
  8942 | D:10     | Killed Urug
  8943 | D:10     | Reached skill level 5 in Evocations
  9129 | D:11     | Noticed a two-headed ogre
  9136 | D:11     | Killed a two-headed ogre
  9137 | D:11     | Reached skill level 14 in Axes
  9219 | D:11     | Found Amenoetua's Antique Weapon Shop.
  9361 | D:11     | Found a stormy altar of Qazlal.
  9423 | D:11     | Reached skill level 10 in Fighting
  9451 | D:11     | Noticed a two-headed ogre
  9452 | D:11     | Noticed a boulder beetle
  9555 | Lair:1   | Entered Level 1 of the Lair of Beasts
  9619 | Lair:1   | Reached skill level 15 in Axes
  9664 | Lair:1   | Noticed Nergalle
  9681 | Lair:1   | Killed Nergalle
  9695 | Lair:1   | Found a frozen archway.
  9705 | Lair:1   | Noticed a four-headed hydra
  9719 | Lair:1   | Killed a four-headed hydra
  9720 | Lair:1   | Reached skill level 10 in Armour
  9729 | IceCv    | Entered an ice cave
  9838 | IceCv    | Reached XP level 12. HP: 108/108 MP: 12/12
  9879 | IceCv    | Noticed an azure jelly
  9893 | IceCv    | Noticed an azure jelly
  9896 | IceCv    | Found a viscous altar of Jiyva.
  9913 | IceCv    | Identified the +3 leather armour "Qicu" {rF+ rCorr MP-9
                  | Int+3}
 10007 | Lair:1   | Found a runed translucent door.
 10007 | Lair:1   | Noticed a death yak
 10007 | Lair:1   | Noticed a death yak
 10024 | Lair:1   | Killed a death yak
 10031 | Lair:1   | Killed a death yak
 10052 | Lair:1   | Noticed a death yak
 10080 | Lair:1   | Killed a death yak
 10107 | Lair:1   | Lost mutation: Your body is covered in eyes which may
                  | confuse attackers. (Acc +7, SInv) [Jiyva's grace]
 10107 | Lair:1   | Lost mutation: Armour fits poorly on your pseudopods.
                  | [Jiyva's grace]
 10107 | Lair:1   | Lost mutation: Your translucent skin slightly reduces your
                  | foes' accuracy. (Stealth+) [Jiyva's grace]
 10107 | Lair:1   | Gained mutation: You have sharp toenails. [Jiyva's grace]
 10107 | Lair:1   | Gained mutation: You have razor-sharp toenails. [Jiyva's
                  | grace]
 10107 | Lair:1   | Gained mutation: You have claws for feet. [Jiyva's grace]
 10107 | Lair:1   | Gained mutation: Your natural rate of healing is unusually
                  | fast. [Jiyva's grace]
 10125 | Lair:1   | Reached skill level 16 in Axes
 10234 | Lair:1   | Noticed a death yak
 10234 | Lair:1   | Noticed a death yak
 10235 | Lair:1   | Noticed a death yak
 10235 | Lair:1   | Noticed a death yak
 10240 | Lair:1   | Noticed a death yak
 10264 | D:10     | Killed a death yak
 10269 | D:10     | Killed a death yak
 10269 | D:10     | Killed a death yak
 10278 | Lair:1   | Killed a death yak
 10312 | Lair:1   | Killed a death yak
 10457 | Lair:1   | Noticed Gastronok
 10468 | Lair:1   | Killed Gastronok
 10621 | Lair:1   | Noticed zamzamzam's ghost (journeyman MDFi)
 10826 | Lair:2   | Found a dark tunnel.
 10834 | Volcano  | Entered a volcano
 10837 | Volcano  | Noticed a two-headed ogre
 10847 | Volcano  | Killed a two-headed ogre
 10878 | Volcano  | Noticed a two-headed ogre
 10878 | Volcano  | Noticed a two-headed ogre
 10891 | Volcano  | Killed a two-headed ogre
 10892 | Volcano  | Reached skill level 17 in Axes
 10894 | Volcano  | Killed a two-headed ogre
 10945 | Volcano  | Reached XP level 13. HP: 117/117 MP: 13/13
 11049 | Volcano  | Noticed a fire dragon
 11062 | Volcano  | Killed a fire dragon
 11721 | Lair:2   | Found a blossoming altar of Fedhas.
 11725 | Lair:2   | Lost mutation: You have claws for feet. [Jiyva's grace]
 11725 | Lair:2   | Lost mutation: Your natural rate of healing is unusually
                  | fast. [Jiyva's grace]
 11725 | Lair:2   | Gained mutation: Your muscles are very strong. (Str +8,
                  | Int/Dex -2) [Jiyva's grace]
 11725 | Lair:2   | Gained mutation: You are covered in slimy tendrils that may
                  | disarm your opponents. [Jiyva's grace]
 11725 | Lair:2   | Gained mutation: You are partially covered in iridescent
                  | scales. (AC +2) [Jiyva's grace]
 11725 | Lair:2   | Gained mutation: You are mostly covered in iridescent
                  | scales. (AC +4) [Jiyva's grace]
 12325 | Lair:3   | Found a staircase to the Shoals.
 12338 | Lair:3   | Reached skill level 10 in Shields
 12469 | Lair:3   | Reached skill level 18 in Axes
 12668 | Lair:3   | Found a staircase to the Snake Pit.
 13492 | Lair:4   | Lost mutation: You are mostly covered in iridescent scales.
                  | (AC +4) [Jiyva's grace]
 13492 | Lair:4   | Lost mutation: You possess an exceptional clarity of mind.
                  | [Jiyva's grace]
 13492 | Lair:4   | Lost mutation: Your muscles are very strong. (Str +8,
                  | Int/Dex -2) [Jiyva's grace]
 13492 | Lair:4   | Gained mutation: You have a small jelly attached to you
                  | that senses nearby items. [Jiyva's grace]
 13492 | Lair:4   | Gained mutation: Your flesh is cold resistant. (rC+)
                  | [Jiyva's grace]
 13492 | Lair:4   | Gained mutation: Your flesh is very cold resistant. (rC++)
                  | [Jiyva's grace]
 13492 | Lair:4   | Gained mutation: Your flesh is almost immune to the effects
                  | of cold. (rC+++) [Jiyva's grace]
 13625 | Lair:4   | Identified the +11 plate armour "Merphyh" {rElec rN+}
 14156 | Lair:5   | Entered Level 5 of the Lair of Beasts
 14206 | Lair:5   | Reached XP level 14. HP: 113/129 MP: 14/14
 14226 | Lair:5   | Found a staircase to the Slime Pits.
 14500 | Lair:5   | Found a gate leading to a gauntlet.
 14622 | Gauntlet | Entered a Gauntlet
 14622 | Gauntlet | Found a transporter.
 14625 | Gauntlet | Found a transporter.
 14639 | Gauntlet | Found a transporter.
 14643 | Gauntlet | Found a transporter.
 14655 | Gauntlet | Found a transporter.
 14674 | Gauntlet | Found a transporter.
 14687 | Gauntlet | Found a transporter.
 14708 | Gauntlet | Found a transporter.
 14712 | Gauntlet | Found a transporter.
 14723 | Gauntlet | Found a transporter.
 14741 | Gauntlet | Found a transporter.
 14745 | Gauntlet | Found a transporter.
 14803 | Gauntlet | Got the Textbook on Glaciation
 14804 | Gauntlet | Identified the +2 helmet of Xom's Hatred {Harm Dex+4
                  | Stlth+}
 14872 | Gauntlet | Lost mutation: You have razor-sharp toenails. [Jiyva's
                  | grace]
 14872 | Gauntlet | Lost mutation: Your flesh is almost immune to the effects
                  | of cold. (rC+++) [Jiyva's grace]
 14872 | Gauntlet | Lost mutation: Your body has grown many eyes which may
                  | confuse attackers. (Acc +5) [Jiyva's grace]
 14872 | Gauntlet | Lost mutation: Your body has grown eyes which may confuse
                  | attackers. (Acc +3) [Jiyva's grace]
 14872 | Gauntlet | Gained mutation: You have razor-sharp toenails. [Jiyva's
                  | grace]
 14872 | Gauntlet | Gained mutation: You have claws for feet. [Jiyva's grace]
 14872 | Gauntlet | Gained mutation: Your rubbery body absorbs attacks. (AC +1,
                  | EV +1) [Jiyva's grace]
 14872 | Gauntlet | Gained mutation: Your pliable body absorbs attacks. (AC +2,
                  | EV +2) [Jiyva's grace]
 14883 | Gauntlet | Identified the amulet of the King {+Inv rPois Regen+}
 15633 | Orc:1    | Entered Level 1 of the Orcish Mines
 15635 | Orc:1    | Noticed an orc warlord
 15672 | Orc:1    | Killed an orc warlord
 15870 | Orc:2    | Entered Level 2 of the Orcish Mines
 16175 | Orc:2    | Found a staircase to the Elven Halls.
 16327 | Orc:2    | Found Jifux's Assorted Antiques.
 16327 | Orc:2    | Found Olidup's Armour Boutique.
 16329 | Orc:2    | Found Quumipp's Book Shop.
 16331 | Orc:2    | Found Hixe Lau's Magic Scroll Shoppe.
 16343 | Orc:2    | Bought a scroll of identify for 28 gold pieces
 16343 | Orc:2    | Bought a scroll of torment for 133 gold pieces
 16343 | Orc:2    | Bought a scroll of noise for 14 gold pieces
 16343 | Orc:2    | Bought a scroll of immolation for 56 gold pieces
 16343 | Orc:2    | Bought a scroll of identify for 28 gold pieces
 16355 | Orc:2    | Identified 2 scrolls of acquirement
 16362 | Orc:2    | Acquired the +1 pair of gloves of Wufal {rElec Regen+
                  | Int-4}
 16380 | Orc:2    | Acquired 994 gold pieces
 16995 | D:10     | Reached skill level 1 in Hexes
 17006 | D:10     | Killed HourglassMan's ghost
 17081 | Lair:1   | Killed zamzamzam's ghost
 17212 | D:11     | Reached skill level 1 in Spellcasting
 17348 | D:12     | Reached XP level 15. HP: 139/139 MP: 16/16
 17387 | D:12     | Lost mutation: You are partially covered in iridescent
                  | scales. (AC +2) [Jiyva's grace]
 17387 | D:12     | Lost mutation: Your flesh is very cold resistant. (rC++)
                  | [Jiyva's grace]
 17387 | D:12     | Lost mutation: You have a small jelly attached to you that
                  | senses nearby items. [Jiyva's grace]
 17387 | D:12     | Gained mutation: Your melee attacks may engulf your foes in
                  | ooze. [Jiyva's grace]
 17387 | D:12     | Gained mutation: You have acidic saliva. [Jiyva's grace]
 17387 | D:12     | Gained mutation: You possess an exceptional clarity of
                  | mind. [Jiyva's grace]
 17387 | D:12     | Gained mutation: Your gelatinous body deflects attacks. (AC
                  | +3, EV +3) [Jiyva's grace]
 17682 | D:12     | Found a portal to a secret trove of treasure.
 17861 | D:13     | Found a gate to the Vaults.
 17876 | D:13     | Reached skill level 15 in Fighting
 18541 | D:14     | Found Jarayry's Antique Armour Shop.
 18637 | D:14     | Found Lasezad's Jewellery Shoppe.
 18670 | D:14     | Acquired a book of Party Tricks
 18674 | D:14     | Learned a level 1 spell: Apportation
 18707 | D:14     | Identified the granite talisman of Duck's Teeth {+Blink rC+
                  | Dex+3}
 18707 | D:14     | Noticed Roxanne
 18892 | D:14     | Reached skill level 1 in Translocations
 18898 | D:14     | Lost mutation: You have claws for feet. [Jiyva's grace]
 18898 | D:14     | Lost mutation: Your melee attacks may engulf your foes in
                  | ooze. [Jiyva's grace]
 18898 | D:14     | Gained mutation: Your flesh is heat resistant. (rF+)
                  | [Jiyva's grace]
 18898 | D:14     | Gained mutation: Your flesh is very heat resistant. (rF++)
                  | [Jiyva's grace]
 18898 | D:14     | Gained mutation: Your flesh is almost immune to the effects
                  | of heat. (rF+++) [Jiyva's grace]
 18898 | D:14     | Gained mutation: Your system is resistant to poisons.
                  | (rPois) [Jiyva's grace]
 19055 | D:14     | Found Ysodask's Weapon Emporium.
 19259 | D:14     | Found Quocw's Distillery.
 19262 | D:14     | Bought a potion of cancellation for 120 gold pieces
 19262 | D:14     | Bought a potion of invisibility for 120 gold pieces
 19262 | D:14     | Bought a potion of degeneration for 15 gold pieces
 19262 | D:14     | Bought a potion of resistance for 150 gold pieces
 19540 | D:15     | Entered Level 15 of the Dungeon
 19666 | D:15     | Found a staircase to the Depths.
 19865 | D:15     | Paralysed by an ogre mage for 5 turns
 20377 | Snake:1  | Entered Level 1 of the Snake Pit
 20566 | Snake:1  | Reached skill level 5 in Translocations
 20812 | Snake:1  | Lost mutation: You have razor-sharp toenails. [Jiyva's
                  | grace]
 20812 | Snake:1  | Lost mutation: Your gelatinous body deflects attacks. (AC
                  | +3, EV +3) [Jiyva's grace]
 20812 | Snake:1  | Gained mutation: Your mind is acute. (Int +4, Str/Dex -1)
                  | [Jiyva's grace]
 20812 | Snake:1  | Gained mutation: Your mind is very acute. (Int +8, Str/Dex
                  | -2) [Jiyva's grace]
 20812 | Snake:1  | Gained mutation: You are strong-willed. (Will+) [Jiyva's
                  | grace]
 20812 | Snake:1  | Gained mutation: You are highly strong-willed. (Will++)
                  | [Jiyva's grace]
 21633 | Snake:2  | Reached skill level 15 in Armour
 21644 | Snake:2  | Reached XP level 16. HP: 133/151 MP: 7/19
 22592 | Snake:3  | Learned a level 4 spell: Passage of Golubria
 22597 | Snake:3  | Learned a level 4 spell: Cause Fear
 22829 | Snake:3  | Reached skill level 5 in Hexes
 23158 | Snake:3  | Lost mutation: Your flesh is almost immune to the effects
                  | of heat. (rF+++) [Jiyva's grace]
 23158 | Snake:3  | Lost mutation: Your system is resistant to poisons. (rPois)
                  | [Jiyva's grace]
 23158 | Snake:3  | Lost mutation: Your pliable body absorbs attacks. (AC +2,
                  | EV +2) [Jiyva's grace]
 23158 | Snake:3  | Lost mutation: You are covered in slimy tendrils that may
                  | disarm your opponents. [Jiyva's grace]
 23158 | Snake:3  | Gained mutation: You are partially covered in iridescent
                  | scales. (AC +2) [Jiyva's grace]
 23158 | Snake:3  | Gained mutation: You are mostly covered in iridescent
                  | scales. (AC +4) [Jiyva's grace]
 23158 | Snake:3  | Gained mutation: You are completely covered in iridescent
                  | scales. (AC +6) [Jiyva's grace]
 23158 | Snake:3  | Gained mutation: Your flesh is almost immune to the effects
                  | of heat. (rF+++) [Jiyva's grace]
 23518 | Snake:4  | Entered Level 4 of the Snake Pit
 23565 | Snake:4  | Found a large runed translucent door.
 23566 | Snake:4  | Found a large runed translucent door.
 23572 | Snake:4  | Noticed grizmgrazm2's ghost (adept TrFi)
 23671 | Snake:4  | Noticed Louise
 23800 | Snake:4  | Reached XP level 17. HP: 126/161 MP: 23/23
 23847 | Snake:4  | Noticed a quicksilver dragon
 23858 | Snake:4  | Killed a quicksilver dragon
 23873 | Snake:4  | Reached skill level 15 in Shields
 23895 | Snake:4  | Got a serpentine rune of Zot
 24526 | Snake:4  | Killed Louise
 24896 | Snake:4  | Killed grizmgrazm2's ghost
 24904 | Snake:4  | Learned a level 2 spell: Jinxbite
 24908 | Snake:4  | Learned a level 3 spell: Tukima's Dance
 24957 | Snake:3  | Reached skill level 5 in Spellcasting
 25060 | Shoals:1 | Entered Level 1 of the Shoals
 25127 | Shoals:1 | Bought a scroll of identify for 32 gold pieces
 25127 | Shoals:1 | Bought a scroll of identify for 32 gold pieces
 25127 | Shoals:1 | Bought a scroll of enchant armour for 120 gold pieces
 25127 | Shoals:1 | Bought a scroll of teleportation for 48 gold pieces
 25127 | Shoals:1 | Bought 2 scrolls of teleportation for 96 gold pieces
 26064 | Shoals:2 | Lost mutation: You have sharp toenails. [Jiyva's grace]
 26064 | Shoals:2 | Lost mutation: Your flesh is almost immune to the effects
                  | of heat. (rF+++) [Jiyva's grace]
 26064 | Shoals:2 | Lost mutation: Your flesh is very heat resistant. (rF++)
                  | [Jiyva's grace]
 26064 | Shoals:2 | Lost mutation: Your rubbery body absorbs attacks. (AC +1,
                  | EV +1) [Jiyva's grace]
 26064 | Shoals:2 | Gained mutation: Armour fits poorly on your pseudopods.
                  | [Jiyva's grace]
 26064 | Shoals:2 | Gained mutation: Armour fits poorly on your large
                  | pseudopods. [Jiyva's grace]
 26064 | Shoals:2 | Gained mutation: Armour fits poorly on your massive
                  | pseudopods. [Jiyva's grace]
 26064 | Shoals:2 | Gained mutation: Your translucent skin slightly reduces
                  | your foes' accuracy. (Stealth+) [Jiyva's grace]
 26212 | Shoals:2 | Found a transporter.
 26488 | Shoals:2 | Found a transporter.
 26492 | Shoals:2 | Noticed icebreaker629's ghost (adept HuBe)
 26568 | Shoals:2 | Noticed a kraken
 26581 | Shoals:2 | Killed a kraken
 26762 | Shoals:2 | Identified the serpent talisman of Yrracup {Dex+5}
 26762 | Shoals:2 | Noticed Aizul
 26793 | Shoals:2 | Killed Aizul
 27019 | Shoals:3 | Found Hecruz's Jewellery Shoppe.
 27128 | Shoals:2 | Mangled by an alligator snapping turtle

Illustrated notes

Levels and vault maps discovered:
D:1:      onia_arrival_zoo_common, layout_basic,
          chequers_ecumenical_altar_simple_redux
D:2:      layout_basic, serial_shops, shop, uniq_robin, uniq_crazy_yiuf_cottage,
          uniq_sigmund
D:3:      layout_basic, uniq_jessica, uniq_natasha
D:4:      layout_loops_corners, portal_sewer_entry_f
D:5:      layout_loops_ring, minmay_small_thing
D:6:      layout_loops_ring, mainiacjoe_overflow_concentric_impassable,
          nicolae_overflow_hidden_temple, serial_shops, nicolae_diamond_shop,
          uniq_duvessa, uniq_blork_the_orc, uniq_eustachio
D:7:      layout_gridville, minmay_temple_entry_butterflies, uniq_pikel,
          uniq_maurice
D:8:      layout_cave_pods, nicolae_dithmenos_the_darkroom,
          minmay_fractal_squares_diagonal_5, uniq_prince_ribbit1, uniq_jeremiah,
          uniq_erica
D:9:      layout_loops_cross, mainiacjoe_overflow_six_doors_small, trog_book,
          nicolae_wu_jian_immortal_techniques, kennysheep_mini_moat,
          grunt_temple_overflow_lords_of_destruction
D:10:     layout_irregular_city, erik_lair_orcish_takeover, orc_david_3,
          gammafunk_ghost_split, uniq_urug
D:11:     layout_rooms, serial_shops, nicolae_shop_window_shopping,
          minmay_holes, nicolae_qazlal_style_of_elements
D:12:     layout_roguey, nicolae_trove_entry_free_sample, billiards_dpeg
D:13:     layout_stronghold, david_vaults_2, serial_undead, serial_undead_f,
          serial_undead_f, serial_undead_d, serial_undead_c
D:14:     layout_stronghold, nicolae_cairo_tiling_large_dashed, serial_shops,
          nicolae_shop_tiny_waterfront, shop, nicolae_shop_trees,
          kennysheep_mini, uniq_roxanne
D:15:     grunt_enter_depths_giant_problem, layout_basic,
          minmay_misc_feat_ornament, serial_ice, serial_ice_a, serial_ice_o,
          serial_ice_m, serial_ice_d
Temple:   nicolae_temple_ecumenical_triangle
Lair:1:   layout_cave_shapes, ebering_ghost_reflecting_pool,
          portal_ice_cave_demonic_guard, infiniplex_staircase_pool,
          uniq_gastronok, uniq_nergalle
Lair:2:   layout_regular_city, nicolae_volcano_entry_s_turn, tgw_fedhas
Lair:3:   layout_cellular_growth, nicolae_shoals_entry_roost,
          guppyfry_snake_entry_garden
Lair:4:   layout_cellular_growth, st_stairs_11
Lair:5:   evilmike_catoblepas_cave, layout_small_grid,
          nicolae_slime_entry_slimehenge, gauntlet_entry_generic
Shoals:1: layout_shoals, serial_shops, nicolae_shop_waterfront
Shoals:2: layout_shoals, gammafunk_ghost_berserking_beasts, uniq_aizul
Shoals:3: layout_shoals, serial_shops, shop, uniq_donald
Snake:1:  layout_chambers, nicolae_triple_integral, lemuel_fruit_tree,
          serial_bayou_shore_a
Snake:2:  layout_onion
Snake:3:  hangedman_cross_stitches, layout_cave_town
Snake:4:  hellmonk_snake_rune_quicksilver_temple, layout_cave_town,
          ebering_ghost_disaster_area, uniq_louise
Orc:1:    layout_diamond_mine
Orc:2:    st_orc_rangers, layout_caves

Skill      XL: |  1  2  3  4  5  6  7  8  9 10 11 12 13 14 15 16 17 |
---------------+----------------------------------------------------+-----
Axes           | 3 5 6 7 8 10 12 13 15 17 18 | 18.0
Fighting       | 4 5 6 7 8 9 10 11 13 14 15 17 | 17.7
Armour         | 4 5 6 7 8 10 11 12 14 15 16 | 16.9
Evocations     | 2 4 5 |  5.2
Shields        | 4 5 7 9 11 13 14 15 | 15.8
Hexes          | 2 4 6 7 |  7.9
Spellcasting   | 1 2 4 5 |  5.9
Translocations | 5 6 8 |  8.0

Action                     |  1- 3 |  4- 6 |  7- 9 | 10-12 | 13-15 | 16-18 || total
---------------------------+-------+-------+-------+-------+-------+-------++-------
  Melee: War axe           |    43 |   168 |   374 |   169 |       |       ||   754
         Broad axe         |       |       |       |   290 |  1078 |  1228 ||  2596
         Pseudopods        |       |       |       |    53 |       |    49 ||   102
         Whip              |       |       |       |     5 |    28 |       ||    33
         Kick              |       |       |       |    32 |   437 |   281 ||   750
         Bite              |       |       |       |       |    58 |   137 ||   195
   Cast: Jinxbite          |       |       |       |       |       |     2 ||     2
         Apportation       |       |       |       |       |       |     1 ||     1
         Passage of Golubr |       |       |       |       |       |     1 ||     1
 Invoke: Oozemancy         |       |       |       |       |     2 |     3 ||     5
  Evoke: Wand              |       |       |       |     8 |     3 |     1 ||    12
         Lightning rod     |       |       |       |       |     4 |       ||     4
    Use: Potion            |     1 |     1 |     3 |     3 |     1 |     9 ||    18
         Scroll            |       |     5 |     4 |     5 |    12 |    10 ||    36
   Stab: Distracted        |       |     1 |       |       |     1 |       ||     2
         Confused          |       |       |       |    11 |     9 |       ||    20
 Armour: Scale mail        |    32 |   122 |   255 |    49 |       |       ||   458
         Gold dragon scale |       |       |       |   355 |  1133 |  1337 ||  2825
  Dodge: Dodged            |    19 |    72 |   163 |   156 |   321 |   160 ||   891
  Block: Buckler           |    10 |    30 |    97 |    90 |   357 |    87 ||   671
         Tower shield      |       |       |       |       |       |   950 ||   950

Table legend: (Time is in decaauts)
 A = Elapsed time spent in this place.
 B = Non-inter-level travel time spent in this place.
 C = Inter-level travel time spent in this place.
 D = Time resting spent in this place.
 E = Time spent auto-exploring this place.
 F = Levels seen in this place.
 G = Mean time per level.
                   A        B        C        D        E       F      G
               +--------+--------+--------+--------+--------+-----+--------+
         Total |  26805 |  24480 |   2325 |    194 |  16770 |  34 |  788.4 |
       Dungeon |  12511 |  10917 |   1594 |     59 |   8013 |  15 |  834.1 |
        Temple |     22 |     22 |      0 |      5 |      0 |   1 |   22.0 |
          Lair |   5034 |   4669 |    365 |      0 |   3545 |   5 | 1006.8 |
        Shoals |   2055 |   2009 |     46 |      0 |   1346 |   3 |  685.0 |
     Snake Pit |   4506 |   4375 |    131 |    130 |   2615 |   4 | 1126.5 |
  Orcish Mines |   1258 |   1071 |    187 |      0 |    748 |   2 |  629.0 |
         Sewer |    413 |    413 |      0 |      0 |    256 |   1 |  413.0 |
      Ice Cave |    263 |    263 |      0 |      0 |     61 |   1 |  263.0 |
       Volcano |    437 |    437 |      0 |      0 |    183 |   1 |  437.0 |
      Gauntlet |    301 |    301 |      0 |      0 |      2 |   1 |  301.0 |
               +--------+--------+--------+--------+--------+-----+--------+

Top non-repeatable levels by time:
 Snake:4: 1366 daAuts
 Snake:1: 1227 daAuts
  Lair:2: 1218 daAuts
    D:10: 1122 daAuts
  Lair:3: 1112 daAuts
 Snake:3: 1091 daAuts
     D:3: 1068 daAuts
     D:8: 1064 daAuts
     D:4: 1022 daAuts
  Lair:5: 1018 daAuts
Shoals:1: 977 daAuts
Shoals:2: 962 daAuts
    D:14: 942 daAuts
     D:2: 938 daAuts
     D:7: 891 daAuts
